 Dungeon Crawl Stone Soup version 0.29.1-12-g30fa7ad0bf (webtiles) character file.

Game seed: 12634576060009685446

947 retardedninja the Chopper (level 8, -1/68 HPs)
             Began as a Hill Orc Fighter on Dec 15, 2022.
             Was an Initiate of Gozag.
             Slain by a killer bee (3 damage)
             ... on level 6 of the Dungeon.
             The game lasted 00:09:24 (5725 turns).

retardedninja the Chopper (Hill Orc Fighter)        Turns: 5725, Time: 00:09:25

Health: -1/68      AC: 13    Str: 19    XL:     8   Next: 13%
Magic:  8/8        EV:  5    Int:  8    God:    Gozag
Gold:   270        SH:  5    Dex: 12    Spells: 7/7 levels left

rFire   . . .      SeeInvis .   a - +0 war axe
rCold   . . .      Faith    .   c - +0 buckler
rNeg    . . .      Spirit   .   l - +0 plate armour
rPois   .          Reflect  .   (no helmet)
rElec   .          Harm     .   (no cloak)
rCorr   .          Rampage  .   (no gloves)
Will    .....                   m - +0 pair of boots
Stlth   ..........              (no amulet)
HPRegen 0.21/turn               (no ring)
MPRegen 0.11/turn               (no ring)

@: no status effects
A: thin skeletal structure 1, weak 1
a: Renounce Religion, Potion Petition, Call Merchant, Bribe Branch


You were on level 6 of the Dungeon.
You worshipped Gozag.
Gozag was aware of your devotion.
You visited 2 branches of the dungeon, and saw 7 of its levels.

You collected 327 gold pieces.
You paid 57 gold pieces to Gozag.

Inventory:

Hand Weapons
 a - a +0 war axe (weapon)
Missiles
 d - 3 boomerangs (quivered)
Armour
 c - a +0 buckler (worn)
 l - a +0 plate armour (worn)
 m - a +0 pair of boots (worn)
Jewellery
 e - a ring of resist corrosion
 o - a ring of willpower
Wands
 h - a wand of charming (6)
 u - a wand of flame (11)
Scrolls
 b - 4 scrolls of immolation
 p - a scroll of magic mapping
 q - a scroll of teleportation
 t - 2 scrolls of vulnerability
Potions
 j - a potion of mutation
 n - a potion of flight


   Skills:
 + Level 5.2 Fighting
 + Level 7.7 Axes
 + Level 3.2 Throwing
 + Level 5.3 Armour
 - Level 0.6 Dodging
 - Level 0.2 Stealth
 + Level 4.6 Shields


You had 7 spell levels left.
You didn't know any spells.
Your spell library was empty.

Dungeon Overview and Level Annotations

Branches:
Dungeon (6/15)             Temple (1/1) D:5

Altars:
Elyvilon
Fedhas
Gozag
Kikubaaqudgha
Makhleb
Okawaru
Qazlal
Ru
Sif Muna
Vehumet
Wu Jian
Xom
Yredelemnul
The Shining One

Shops:
D:3 *   D:5 =


Innate Abilities, Weirdness & Mutations

You have a somewhat thin skeletal structure. (Dex +2, Stealth+)
You are weak. (Str -2)


Message History

You closely miss the killer bee.
You feel sick.
The killer bee stings you but does no damage. x3
You barely miss the killer bee.
You feel sick. You block the killer bee's attack. x2
You slash the killer bee!
The killer bee is heavily wounded.
You feel sick.
The killer bee stings you but does no damage.
The killer bee stings you.
* * * LOW HITPOINT WARNING * * *
You miss the killer bee.
The killer bee is heavily wounded.
You feel sick.
The killer bee stings you but does no damage.
The killer bee stings you.
* * * LOW HITPOINT WARNING * * *
The killer bee completely misses you.
Okay, then.
You miss the killer bee.
The killer bee is heavily wounded.
You feel sick.
You are no longer poisoned.
The killer bee stings you.
* * * LOW HITPOINT WARNING * * *
The killer bee stings you.
* * * LOW HITPOINT WARNING * * *
Unknown command.
Okay, then.
Aiming: Charm
Press: ? - help, Shift-Dir - straight line, f - killer bee
Aim: a killer bee (heavily wounded, chance to affect: 57%)
The killer bee resists with significant effort.
The killer bee barely misses you. You block the killer bee's attack.
Aiming: Charm
Press: ? - help, Q - select action, (/) - cycle Shift-Dir - straight line, f/p - killer bee
Aim: a killer bee (heavily wounded, chance to affect: 57%)
The killer bee resists with significant effort.
The killer bee stings you.
You die...
Your body crumbles into a pile of gold.

##.#
#)................#
##.##
#.#########.#######
##..# #.# #....>.#
###.# ###.#
#.###### # #.#
#.(.# #.# # #.#
#.### #.# # #.# #.#
#.# # #.# #.# #<#
###.#####.######@#
...............y.#
..#...)....#######
###.#####..# # #.#
#..# # #.# #..# #
#.# #..# # #.# #..#
# #.# #.##


You could see a killer bee.

Vanquished Creatures
  A water moccasin (D:5)
  2 ice beasts
  An ogre (D:6)
  A bullfrog (D:6)
  A killer bee (D:6)
  A howler monkey (D:5)
  2 hounds (D:5)
  3 jellies
  2 iguanas
  3 orc wizards
  8 adders
  A shadow imp (D:5)
  3 worms
  4 dart slugs
  7 orcs
  A bat (D:1)
  4 endoplasms
  5 giant cockroaches
  6 goblins
  3 hobgoblins
  6 jackals
  2 kobolds (D:1)
  3 quokkas
  5 ball pythons
  3 frilled lizards
  3 rats
81 creatures vanquished.

Vanquished Creatures (others)
  3 plants (D:5)
3 creatures vanquished.

Grand Total: 84 creatures vanquished

Notes
Turn   | Place    | Note
-------+----------+-------------------------------------------
     0 | D:1      | retardedninja the Hill Orc Fighter began the quest for the
                  | Orb.
     0 | D:1      | Reached XP level 1. HP: 19/19 MP: 1/1
    38 | D:1      | Reached XP level 2. HP: 10/27 MP: 2/2
   610 | D:1      | Found a faded altar of an unknown god.
   866 | D:1      | Reached skill level 3 in Axes
   955 | D:2      | Reached XP level 3. HP: 33/33 MP: 3/3
  1507 | D:3      | Reached XP level 4. HP: 37/41 MP: 4/4
  1588 | D:3      | Reached skill level 4 in Axes
  1594 | D:3      | Found Atakyb's Assorted Antiques.
  1926 | D:3      | Noticed an ice beast
  1934 | D:3      | Killed an ice beast
  1935 | D:3      | Reached skill level 5 in Axes
  1935 | D:3      | Reached XP level 5. HP: 47/47 MP: 5/5
  2203 | D:4      | Found an ornate altar of the Wu Jian Council.
  2249 | D:4      | Found a blossoming altar of Fedhas.
  2365 | D:4      | Found an ancient bone altar of Kikubaaqudgha.
  2788 | D:4      | Found a glowing golden altar of the Shining One.
  3008 | D:5      | Entered Level 5 of the Dungeon
  3053 | D:5      | Reached skill level 6 in Axes
  3053 | D:5      | Reached XP level 6. HP: 46/53 MP: 6/6
  3103 | D:5      | Noticed an ice beast
  3125 | D:5      | Killed an ice beast
  3126 | D:5      | Reached skill level 1 in Throwing
  3153 | D:5      | Reached skill level 7 in Axes
  3153 | D:5      | Reached XP level 7. HP: 46/60 MP: 7/7
  3243 | D:5      | Gained mutation: You are weak. (Str -2) [potion of
                  | mutation]
  3243 | D:5      | Gained mutation: You have a somewhat thin skeletal
                  | structure. (Dex +2, Stealth+) [potion of mutation]
  3245 | D:5      | Reached skill level 5 in Fighting
  3251 | D:5      | HP: 3/61 [poisoned by a water moccasin]
  3614 | D:5      | Found an iron altar of Okawaru.
  3986 | D:5      | Found a shimmering blue altar of Sif Muna.
  4023 | D:5      | Found a sacrificial altar of Ru.
  4148 | D:5      | Found Husi's Jewellery Shop.
  4362 | D:5      | Found a staircase to the Ecumenical Temple.
  4372 | Temple   | Entered the Ecumenical Temple
  4394 | Temple   | Became a worshipper of Gozag Ym Sagoz the Greedy
  4829 | D:6      | Reached skill level 5 in Armour
  5016 | D:6      | Reached XP level 8. HP: 68/68 MP: 8/8
  5723 | D:6      | HP: 2/68 [killer bee (5)]
  5725 | D:6      | Slain by a killer bee

Illustrated notes

Levels and vault maps discovered:
D:1:      scummos_arrival_hexagon, layout_rooms,
          shapermc_ecumenical_altar_mp_ritualfount
D:2:      layout_basic
D:3:      layout_loops_ring, serial_shops, shop_statue
D:4:      layout_basic, mainiacjoe_overflow_alcove_4, old_standard_altar,
          nzn_wu_jian_contemplation, kennysheep_little_box
D:5:      layout_basic, mainiacjoe_overflow_tiny_flanked,
          mainiacjoe_overflow_catwalk,
          mainiacjoe_overflow_concentric_impassable,
          minmay_temple_entry_gardened_gates, serial_shops, shop
D:6:      layout_loops_ring, trog_hazing_becter, sigmund_army
Temple:   chequers_temple_sunken

Skill      XL: |  1  2  3  4  5  6  7 |
---------------+----------------------+-----
Fighting       | 4 5 |  5.2
Axes           | 3 5 6 7 |  7.7
Armour         | 4 5 |  5.3
Shields        | 4 |  4.6
Throwing       | 1 3 |  3.2
Dodging        | |  0.6
Stealth        | |  0.2

Action                   |  1- 3 |  4- 6 |  7- 9 || total
-------------------------+-------+-------+-------++-------
Melee: War axe           |    62 |   109 |    92 ||   263
Throw: Boomerang         |       |    30 |    50 ||    80
Evoke: Wand              |       |       |     2 ||     2
  Use: Potion            |       |     2 |     7 ||     9
       Scroll            |       |       |    13 ||    13
Armor: Scale mail        |    31 |       |       ||    31
       Plate armour      |    20 |    99 |    75 ||   194
       Skin              |       |       |    28 ||    28
Dodge: Dodged            |    40 |    28 |    23 ||    91
Block: Buckler           |    17 |    24 |    45 ||    86
